 Dungeon Crawl Stone Soup version 0.29-a0-668-g12ee2bf84d (webtiles) character file.

Game seed: 9931819101808854968

11 purpskrrrp the Ruffian (level 2, -2/19 HPs)
             Began as a Demonspawn Wanderer on June 23, 2022.
             Was a Follower of Hepliaklqana.
             Slain by an orc
             ... wielding a +2 trident of protection
              (8 damage)
             ... on level 4 of the Dungeon.
             The game lasted 00:02:42 (978 turns).

purpskrrrp the Ruffian (Demonspawn Wanderer)         Turns: 978, Time: 00:02:42

Health: -2/19      AC:  3    Str: 15    XL:     2   Next: 17%
Magic:  2/2        EV: 11    Int:  8    God:    Hepliaklqana [*.....]
Gold:   43         SH:  0    Dex: 12    Spells: 1/1 levels left

rFire   . . .      SeeInvis .   a - +2 falchion
rCold   . . .      Faith    .   (no shield)
rNeg    . . .      Spirit   .   e - +0 leather armour
rPois   .          Reflect  .   (no helmet)
rElec   .          Harm     .   (no cloak)
rCorr   .          Rampage  .   (no gloves)
Will    .....      Clarity  +   (no boots)
Stlth   +.........              (no amulet)
HPRegen 0.06/turn               (no ring)
MPRegen 0.08/turn               (no ring)

@: no status effects
A: reduced essence, claws 1, hooves 1, clarity, deterioration 1, dopey 1
a: Renounce Religion, Recall Ancestor, Ancestor Identity


You were on level 4 of the Dungeon.
You worshipped Hepliaklqana.
Hepliaklqana was aware of your devotion.
You visited 1 branch of the dungeon, and saw 3 of its levels.

You collected 43 gold pieces.

Inventory:

Hand Weapons
 a - a +2 falchion (weapon)
Armour
 e - a +0 leather armour (worn)
Jewellery
 b - a ring of wizardry
 g - an amulet of magic regeneration
Wands
 c - a wand of polymorph (7) (quivered)
Scrolls
 h - a scroll of identify {unknown}
 i - a scroll of immolation {unknown}
 j - a scroll of fog {unknown}
 k - a scroll of magic mapping {unknown}
Potions
 f - a potion of haste {unknown}
 l - a potion of ambrosia {unknown}
 m - a potion of flight {unknown}


   Skills:
 + Level 2.0 Fighting
 + Level 3.0 Long Blades
 + Level 3.1 Unarmed Combat
 + Level 2.0 Evocations


You had one spell level left.
You didn't know any spells.
Your spell library was empty.

Dungeon Overview and Level Annotations

Branches:
Dungeon (2/15)

Altars:
Hepliaklqana


Innate Abilities, Weirdness & Mutations

Your life essence is reduced to manifest your ancestor. (-10% HP)
You have sharp fingernails.
You have large cloven feet.
You possess an exceptional clarity of mind.
Your body sometimes deteriorates upon taking damage.
You are dopey. (Int -2)


Message History

There is a stone staircase leading down here.
You climb downwards.
There is a stone staircase leading up here.
You swap places.
Found an escape hatch in the floor.
m - a clear potion
There is an escape hatch in the floor here.
A sourceless malevolence fills the Dungeon...
You fall into a shaft and drop 2 floors!
The shaft crumbles and collapses.
A goblin comes into view. It is wielding a +0 club.
A goblin is nearby!
The goblin shouts!
Found a spear.
The goblin hits you with a +0 club.
You miss the goblin. Your kick misses the goblin. The goblin misses you.
You hit the goblin.
You kill the goblin!
Your Long Blades skill increases to level 3!
Things that are here:
a +0 club; a goblin corpse HP restored.
A quokka comes into view.
Found 3 gold pieces and 4 stones.
A quokka is nearby!
The quokka falls through a shaft!
The shaft crumbles and collapses.
An orc comes into view.
It is wielding a +2 trident of protection.
The orc shouts!
You see here 3 gold pieces.
You now have 43 gold pieces (gained 3).
The orc hits you from afar with a +2 trident of protection!
The orc hits you with a +2 trident of protection.
You barely miss the orc.
The orc hits you with a +2 trident of protection!
* * * LOW HITPOINT WARNING * * *
You feel better.
The orc hits you with a +2 trident of protection!
You hit the orc. Your kick misses the orc. Your claw misses the orc.
The orc is heavily wounded.
The orc hits you with a +2 trident of protection!
You die...

##...###...( .#
#........#.# .#
#....#####.# #.#
#.#.######.##..#
#)#............###
#.########.......#
#.### #.......#..
#...# #.....$....
###.# #.@........
#.# #.o.....###
#.# #.......# #.#
#.......# #.#
.....#### #.#
#####.# #.# .# #.#
.# #.#


You could see an orc.

Vanquished Creatures
  A dart slug (D:1)
  2 bats (D:1)
  An endoplasm (D:1)
  A quokka (D:1)
  A ball python (D:1)
  2 frilled lizards (D:1)
  A goblin (D:4)
  2 kobolds (D:1)
11 creatures vanquished.

Vanquished Creatures (others)
  3 fungi (D:2)
3 creatures vanquished.

Grand Total: 14 creatures vanquished

Notes
Turn   | Place    | Note
-------+----------+-------------------------------------------
     0 | D:1      | purpskrrrp the Demonspawn Wanderer began the quest for the
                  | Orb.
     0 | D:1      | purpskrrrp set off with the following items: a +2 falchion,
                  | a potion of mutation, a wand of polymorph (7), a potion of
                  | curing, a +0 leather armour.
     0 | D:1      | Reached XP level 1. HP: 16/16 MP: 1/1
     0 | D:1      | Gained mutation: Your body sometimes deteriorates upon
                  | taking damage. [potion of mutation]
     0 | D:1      | Gained mutation: You are dopey. (Int -2) [potion of
                  | mutation]
     0 | D:1      | Gained mutation: You possess an exceptional clarity of
                  | mind. [potion of mutation]
     0 | D:1      | Gained mutation: You have large cloven feet. [potion of
                  | mutation]
   267 | D:1      | Found a faded altar of an unknown god.
   611 | D:1      | Gained mutation: You have sharp fingernails. [demonic
                  | ancestry]
   611 | D:1      | Reached XP level 2. HP: 22/22 MP: 2/2
   856 | D:1      | Prayed at the altar of an unknown god.
   856 | D:1      | Became a worshipper of Hepliaklqana the Forgotten
   856 | D:1      | Reached * piety under Hepliaklqana
   925 | D:2      | You fall into a shaft and drop 2 floors!
   978 | D:4      | Slain by an orc

Illustrated notes

Levels and vault maps discovered:
D:1:      dpeg_arrival_chambers_temple_mockup, layout_loops_ring,
          chequers_ecumenical_altar_simple_redux
D:2:      layout_loops_ring, dreamdust_mushroom_princess, solitary_fountain,
          roderic_roman_lattice
D:4:      layout_loops_ring, minmay_distorted

Skill      XL: |  1  2 |
---------------+-------+-----
Unarmed Combat | 3 |  3.1
Long Blades    | 3 |  3.0
Fighting       | |  2.0
Evocations     | |  2.0

Action                   || total
-------------------------++-------
Melee: Falchion          ||    23
       Kick              ||     3
  Use: Potion            ||     2
Armor: Leather armour    ||     5
Dodge: Dodged            ||    20

Table legend: (Time is in decaauts)
 A = Elapsed time spent in this place.
 B = Non-inter-level travel time spent in this place.
 C = Inter-level travel time spent in this place.
 D = Time resting spent in this place.
 E = Time spent auto-exploring this place.
 F = Levels seen in this place.
 G = Mean time per level.
                   A        B        C        D        E       F      G
               +--------+--------+--------+--------+--------+-----+--------+
         Total |    980 |    916 |     64 |      0 |    820 |   3 |  326.7 |
       Dungeon |    980 |    916 |     64 |      0 |    820 |   3 |  326.7 |
               +--------+--------+--------+--------+--------+-----+--------+

Top non-repeatable levels by time:
     D:1: 895 daAuts
     D:4: 53 daAuts
     D:2: 31 daAuts
